 Dungeon Crawl Stone Soup version 0.28-a0-620-g539b0f7ac7 (webtiles) character file.

Game seed: 10062411462830347345

125 chris0x the Skirmisher (level 4, -12/28 HPs)
             Began as a Deep Elf Abyssal Knight on Oct 6, 2021.
             Was a Follower of Lugonu.
             Killed by divine providence
             ... invoked by an orc priest
              (15 damage)
             ... on level 3 of the Dungeon.
             The game lasted 00:09:46 (4896 turns).

chris0x the Skirmisher (Deep Elf Abyssal Knight)    Turns: 4896, Time: 00:09:47

Health: -12/28     AC:  3    Str: 10    XL:     4   Next: 82%
Magic:  8/9        EV: 28    Int: 14    God:    Lugonu [*.....]
Gold:   212        SH:  0    Dex: 15    Spells: 6/7 levels left

rFire   . . .      SeeInvis .   a - +1 short sword
rCold   . . .      Faith    .   (no shield)
rNeg    . . .      Spirit   .   n - +1 robe {Will+}
rPois   .          Reflect  .   (no helmet)
rElec   .          Harm     .   (no cloak)
rCorr   .          Rampage  .   (no gloves)
Will    +....                   (no boots)
Stlth   ++........              o - amulet of the acrobat
HPRegen 0.09/turn               (no ring)
MPRegen 0.11/turn               (no ring)

@: acrobatic, very slightly contaminated
A: dopey 1
a: Renounce Religion, Depart the Abyss


You were on level 3 of the Dungeon.
You worshipped Lugonu.
Lugonu was aware of your devotion.
You visited 1 branch of the dungeon, and saw 4 of its levels.
You visited the Abyss 1 time.

You collected 212 gold pieces.

Inventory:

Hand Weapons
 a - a +1 short sword (weapon)
 c - a +0 rapier
Missiles
 d - 3 silver javelins
 h - 196 stones
 j - 3 boomerangs (quivered)
 k - 18 sling bullets
 r - 3 curare-tipped darts
Armour
 b - a +1 leather armour
 e - a +0 ring mail
 n - a +1 robe of willpower (worn)
Magical Staves
 i - a staff of conjuration
Jewellery
 o - an amulet of the acrobat (around neck)
Scrolls
 l - 2 scrolls of identify
Potions
 f - 2 potions of degeneration {unknown}
 g - a potion of ambrosia {unknown}
 m - a potion of flight {unknown}
 p - a potion of attraction {unknown}
 q - a potion of mutation {unknown}


   Skills:
 + Level 3.0 Fighting
 + Level 2.5 Short Blades
 + Level 0.6 Throwing
 + Level 1.1 Armour
 * Level 3.0 Dodging
 + Level 1.6 Stealth
 * Level 2.1 Spellcasting
 + Level 1.0 Conjurations
 + Level 0.7 Ice Magic
 + Level 2.3 Invocations


You had 6 spell levels left.
You knew the following spells:

 Your Spells              Type           Power      Damage    Failure   Level
a - Freeze                Ice            12%        1d4       19%         1

Your spell library contained the following spells:

 Spells                   Type           Power      Damage    Failure   Level
 Frozen Ramparts          Ice            6%         1d2       47%         3
 Hailstorm                Conj/Ice       3%         3d3       86%         4


Dungeon Overview and Level Annotations

Branches:
Dungeon (4/15)
 Temple: D:4-7

Altars:
Beogh

Shops:
D:4 *

Annotations:
D:3 3 runed translucent doors, meatgazer's ghost, amateur GnWn


Innate Abilities, Weirdness & Mutations

You are dopey. (Int -2)


Message History

Magic restored.
You start resting.
HP restored.
Things that are here:
a +0 dagger; a +1 robe of willpower; an orc corpse
n - a +1 robe of willpower You start removing your armour.
You continue taking off your +1 leather armour. x4
You finish taking off your +1 leather armour.
You start putting on your armour.
You continue putting on your +1 robe of willpower. x5
You finish putting on your +1 robe of willpower.
You feel strong-willed.
There is a stone staircase leading down, spattered with blood here.
You climb downwards.
The orc priest looks satisfied for a moment.
The orc priest hits you with a +0 club.
There is a stone staircase leading up, spattered with blood here.
Casting: Freeze (safe; 19% risk of failure)
Confirm with . or Enter, or press ? or * to list all spells.
Aiming: Freeze (safe; 19% risk of failure)
Press: ? - help, Shift-Dir - straight line, f - orc priest
Aim: an orc priest, wielding a +0 club You miscast Freeze.
You are very lightly contaminated with residual magic.
Nothing appears to happen.
The orc priest miscasts a cantrip.
The orc priest calls down the wrath of Beogh upon you.
Pain shoots through your body! The orc wizard barely misses you.
You climb upwards.
Level annotation: 3 runed translucent doors, meatgazer's ghost, amateur GnWn
There is a stone staircase leading down, spattered with blood here.
Unknown command.
The orc priest mumbles some strange prayers to Beogh against you.
Beogh smites you!
* * * LOW HITPOINT WARNING * * *
The orc priest mumbles some strange prayers to Beogh against you.
Beogh smites you!
Ouch! That really hurt!
You die...

...##.........#....##
#######.
....##..ZZZW.##.....# ####.
.....###+++###......#
##.##.
...............#....#
####.....
.........#.#####....#
##.....### .........).#
###### ##...####
<..........## ########...##
#########...####.o..).....#
#..#..>).@.o.).....#
#.######...........#
#...........)......#
#########.........<#
#..........# ############


You could see an orc priest and an orc wizard.

Vanquished Creatures
  An orc wizard (D:3)
  2 adders (D:2)
  2 worms (D:2)
  3 dart slugs (D:2)
  3 orcs (D:3)
  6 ball pythons
  4 endoplasms
  4 giant cockroaches (D:2)
  8 goblins
  5 hobgoblins
  4 jackals (D:1)
  6 kobolds
  A quokka (D:1)
  6 bats
  A frilled lizard (D:2)
  6 rats
62 creatures vanquished.

Vanquished Creatures (others)
  A lurking horror (Abyss:1)
1 creature vanquished.

Grand Total: 63 creatures vanquished

Notes
Turn   | Place    | Note
-------+----------+-------------------------------------------
     0 | Abyss:1  | chris0x the Deep Elf Abyssal Knight began the quest for the
                  | Orb.
     0 | Abyss:1  | Reached XP level 1. HP: 13/13 MP: 4/4
    42 | Abyss:1  | Noticed a neqoxec
    43 | Abyss:1  | Noticed a quasit
    50 | Abyss:1  | Gained mutation: You are dopey. (Int -2) [a neqoxec]
    53 | D:1      | Escaped the Abyss
   851 | D:1      | Reached * piety under Lugonu
   951 | D:1      | Reached XP level 2. HP: 16/18 MP: 5/5
  1519 | D:1      | Reached skill level 1 in Spellcasting
  1872 | D:1      | Learned a level 1 spell: Freeze
  2070 | D:2      | Reached skill level 1 in Armour
  2211 | D:2      | Reached XP level 3. HP: 22/22 MP: 7/7
  2414 | D:2      | Found a faded altar of an unknown god.
  2488 | D:2      | Reached skill level 1 in Stealth
  2648 | D:2      | HP: 1/22 [adder (1)]
  2919 | D:2      | Reached XP level 4. HP: 20/27 MP: 3/8
  3614 | D:3      | Found a runed translucent gate.
  3642 | D:3      | Found a runed translucent gate.
  3643 | D:3      | Found a runed translucent gate.
  3692 | D:3      | Noticed meatgazer's ghost (amateur GnWn)
  4371 | D:4      | Found Vokaop's General Store.
  4694 | D:3      | Reached skill level 1 in Conjurations
  4896 | D:3      | Killed from afar by an orc priest

Illustrated notes

Levels and vault maps discovered:
D:1:      roderic_dead_forest, layout_basic
D:2:      layout_basic, dreamdust_ecumenical_altar_hidden_monk_grotto,
          minmay_worlds_worst_comb
D:3:      layout_rooms, gammafunk_ghost_icy
D:4:      layout_rooms, serial_shops, shop, kennysheep_orc_chapel

Skill      XL: |  1  2  3  4 |
---------------+-------------+-----
Spellcasting   | 1 2 |  2.1
Armour         | 1 |  1.1
Stealth        | 1 |  1.6
Fighting       | 3 |  3.0
Dodging        | 3 |  3.0
Conjurations   | 1 |  1.0
Short Blades   | |  2.5
Throwing       | |  0.6
Ice Magic      | |  0.7
Invocations    | |  2.3

Action                   |  1- 3 |  4- 6 || total
-------------------------+-------+-------++-------
Melee: Short sword       |   135 |    74 ||   209
Throw: Javelin           |     2 |     2 ||     4
 Cast: Freeze            |    10 |    25 ||    35
Invok: Depart the Abyss  |     1 |       ||     1
  Use: Potion            |     3 |     2 ||     5
       Scroll            |     3 |     3 ||     6
 Stab: Sleeping          |     1 |       ||     1
Armor: Leather armour    |    36 |    31 ||    67
Dodge: Dodged            |    94 |    63 ||   157

Table legend: (Time is in decaauts)
 A = Elapsed time spent in this place.
 B = Non-inter-level travel time spent in this place.
 C = Inter-level travel time spent in this place.
 D = Time resting spent in this place.
 E = Time spent auto-exploring this place.
 F = Levels seen in this place.
 G = Mean time per level.
                   A        B        C        D        E       F      G
               +--------+--------+--------+--------+--------+-----+--------+
         Total |   4902 |   4874 |     28 |   1440 |   2393 |   5 |  980.4 |
       Dungeon |   4849 |   4821 |     28 |   1440 |   2393 |   4 | 1212.2 |
         Abyss |     53 |     53 |      0 |      0 |      0 |   1 |   53.0 |
               +--------+--------+--------+--------+--------+-----+--------+

Top non-repeatable levels by time:
     D:1: 1822 daAuts
     D:2: 1741 daAuts
     D:3: 1044 daAuts
     D:4: 241 daAuts
 Abyss:1: 53 daAuts
